 Dungeon Crawl Stone Soup version 0.21.1-1-g345015f (webtiles) character file.

171 sking99 the Magician (level 5, -7/31 HPs)
             Began as an Octopode Wizard on June 30, 2018.
             Killed by divine providence
             ... invoked by an orc priest
              (12 damage)
             ... on level 3 of the Dungeon.
             The game lasted 00:11:16 (4362 turns).

sking99 the Magician (Octopode Wizard)              Turns: 4362, Time: 00:11:17

Health: -7/31      AC:  1    Str:  6    XL:     5   Next: 51%
Magic:  1/10       EV: 13    Int: 21    God:
Gold:   127        SH:  0    Dex: 11    Spells: 2/10 levels left

rFire    . . .     SeeInvis .   g - +0 trident
rCold    . . .     Gourm    .   (no shield)
rNeg     . . .     Faith    .   a - +0 hat
rPois    .         Spirit   .   (no amulet)
rElec    .         Reflect  .   (no ring)
rCorr    .         Harm     .   (no ring)
MR       .....                  (no ring)
Stlth    +++.......             (no ring)
HPRegen  0.10/turn              (no ring)
MPRegen  0.12/turn              (no ring)
                                (no ring)
                                (no ring)

@: very slightly contaminated, slowed, very slow
A: almost no armour, stealthy swim, amphibious, 8 rings, constrict 8, camouflage
1, gelatinous body 1
a: no special abilities


You were on level 3 of the Dungeon.
You were hungry.

You visited 1 branch of the dungeon, and saw 3 of its levels.

You collected 127 gold pieces.

Inventory:

Hand Weapons
 g - a +0 trident (weapon)
Armour
 a - a +0 hat (worn)
Jewellery
 j - an uncursed amulet of magic regeneration {unknown}
 o - an uncursed amulet of guardian spirit {unknown}
Scrolls
 d - 2 scrolls of remove curse
 e - a scroll of enchant armour {unknown}
 f - a scroll of magic mapping {unknown}
 h - 2 scrolls of identify
 i - a scroll of teleportation {unknown}
 n - a scroll of enchant weapon {unknown}
Potions
 k - a potion of flight {unknown}
 l - a potion of curing
 m - 2 potions of might {unknown}
 p - a potion of degeneration {unknown}
 q - a potion of heal wounds {unknown}
Books
 b - a book of Minor Magic

   Spells                             Type                      Level
   a - Magic Dart                     Conjuration                  1
   b - Blink                          Translocation                2
   c - Call Imp                       Summoning                    2
   d - Slow                           Hexes                        2
   e - Conjure Flame                  Conjuration/Fire             3
   f - Mephitic Cloud                 Conjuration/Poison/Air       3
Comestibles
 c - 7 rations


   Skills:
 - Level 2.4 Dodging
 - Level 2.6 Stealth
 * Level 3.4 Spellcasting
 + Level 2.7 Conjurations
 + Level 2.4 Summonings
 + Level 2.4 Translocations
 + Level 0.7 Air Magic
 + Level 0.8 Poison Magic


You had 2 spell levels left.
You knew the following spells:

 Your Spells              Type           Power        Failure   Level  Hunger
a - Magic Dart            Conj           ###.         4%          1    None
b - Blink                 Tloc           N/A          7%          2    ##.....
c - Call Imp              Summ           ##......     7%          2    ##.....
d - Mephitic Cloud        Conj/Pois/Air  #.......     22%         3    ###....


Dungeon Overview and Level Annotations

Branches:
Dungeon (3/15)

Altars:
Elyvilon
Vehumet
Yredelemnul

Annotations:
D:3 lotte's ghost, amateur OpWz


Innate Abilities, Weirdness & Mutations

You cannot wear most types of armour.
You are very stealthy in the water. (Stealth+)
You are amphibious.
You can wear up to eight rings at the same time.
You can use your tentacles to constrict eight enemies at once.
Your skin changes colour to match your surroundings (Stealth+).
Your rubbery body absorbs attacks. (AC +1, EV +1)


Message History

Lotte's ghost closely misses you. The orc hits you but does no damage.
The orc priest looks encouraged for a moment.
As you read the scroll labeled EVEFES MOMOU, it crumbles to dust.
It is a scroll of identify.
d - 2 scrolls of remove curse The bat misses you.
Lotte's ghost closely misses you.
Your crimson imp blinks!
The orc hits you with a short sword. Lotte's ghost hits you.
* * * LOW HITPOINT WARNING * * *
The orc hits you with a short sword.
* * * LOW HITPOINT WARNING * * *
You swap places.
Your crimson imp disappears in a puff of smoke!
Lotte's ghost casts a spell.
The orc priest barely misses you. The orc barely misses you.
An orc comes into view. It is wielding a flail.
The orc hits your crimson imp with a short sword.
The orc priest calls down the wrath of Beogh upon you.
Beogh smites you!
You die...

o. ... ?.........
..###†###..b..#####
#..#...#...##
#...._... #.. ...#
# #.###.## ##.
#.#.o#ob5#.....
#.#..5oW5...#
#...@########
##..........
#.#.#######
#.#...)..#
#.######.# #. #.#
#. #.# #. #.# #.
###.## #.#


You could see an orc priest, lotte's ghost, 2 crimson imps, 2 orcs, a bat and a
friendly crimson imp.

Vanquished Creatures
  An orc wizard (D:3)
  Terence (D:2)
  3 adders (D:3)
  A gnoll (D:1)
  2 worms (D:3)
  3 dart slugs (D:1)
  2 leopard geckos (D:1)
  4 orcs (D:3)
  2 ball pythons (D:3)
  5 bats
  A giant cockroach (D:1)
  2 gnoll zombies (D:3)
  8 goblins
  6 hobgoblins
  3 frilled lizards
  9 kobolds
  4 rats
57 creatures vanquished.

Vanquished Creatures (collateral kills)
  An adder (D:2)
1 creature vanquished.

Vanquished Creatures (others)
  2 plants (D:1)
2 creatures vanquished.

Grand Total: 60 creatures vanquished

Notes
Turn   | Place    | Note
-------+----------+-------------------------------------------
     0 | D:1      | sking99 the Octopode Wizard began the quest for the Orb.
     0 | D:1      | Reached XP level 1. HP: 11/11 MP: 4/4
   233 | D:1      | Reached XP level 2. HP: 15/17 MP: 3/6
   520 | D:1      | Learned a level 2 spell: Blink
   523 | D:1      | Learned a level 2 spell: Call Imp
   845 | D:1      | Reached XP level 3. HP: 21/21 MP: 4/7
   935 | D:1      | Learned a level 3 spell: Mephitic Cloud
  2103 | D:2      | Noticed Terence
  2133 | D:2      | Killed Terence
  2133 | D:2      | Reached XP level 4. HP: 19/27 MP: 1/8
  2439 | D:2      | Found a white marble altar of Elyvilon.
  3032 | D:3      | Noticed lotte's ghost (amateur OpWz)
  3259 | D:3      | Reached XP level 5. HP: 12/31 MP: 1/10
  4285 | D:3      | Found a basalt altar of Yredelemnul.
  4342 | D:3      | Found a radiant altar of Vehumet.
  4362 | D:3      | Killed from afar by an orc priest

Skill      XL: |  1  2  3  4 |
---------------+-------------+-----
Conjurations   | 2 |  2.7
Summonings     | 2 |  2.4
Translocations | 2 |  2.4
Dodging        | |  2.4
Stealth        | |  2.6
Spellcasting   | |  3.4
Air Magic      | |  0.7
Poison Magic   | |  0.8

Action                   |  1- 3 |  4- 6 || total
-------------------------+-------+-------++-------
Melee: Unarmed           |     3 |       ||     3
       Constrict         |     6 |     5 ||    11
       Whip              |    20 |       ||    20
       Tentacles         |     3 |     2 ||     5
       Trident           |       |    17 ||    17
 Cast: Magic Dart        |    84 |    98 ||   182
       Mephitic Cloud    |     1 |     2 ||     3
       Call Imp          |       |     5 ||     5
  Use: Scroll            |       |     1 ||     1
       Potion            |       |     1 ||     1
 Stab: Confused          |     2 |       ||     2
  Eat: Chunk             |     3 |     7 ||    10
Armor: Skin              |     1 |     3 ||     4
Dodge: Dodged            |    27 |    37 ||    64
